 Dungeon Crawl Stone Soup version 0.17-a0-1731-g129c023 (webtiles) character file.

1122 Goblin1989 the Scratcher (level 8, -5/34 HPs)
             Began as a Felid Transmuter on Aug 29, 2015.
             Was a Follower of Sif Muna.
             Killed from afar by a wight (16 damage)
             ... with a wand of fire
             ... on level 7 of the Dungeon.
             The game lasted 00:50:49 (10178 turns).

Goblin1989 the Scratcher (Felid Transmuter)        Turns: 10178, Time: 00:50:49

Health: -5/34      AC:  7    Str:  6    XL:     8   Next: 12%
Magic:  8/12       EV: 21    Int: 20    God:    Sif Muna [*.....]
Gold:   341        SH:  0    Dex: 17    Spells: 3 memorised, 4 levels left
                                        Lives:  0   Deaths: 2

rFire  . . .     SeeInvis +       - Unarmed
rCold  . . .     Clarity  .     (armour unavailable)
rNeg   . . .     SustAt   .     (shield unavailable)
rPois  .         Gourm    .     (helmet unavailable)
rElec  .         Spirit   .     (cloak unavailable)
rCorr  .         Warding  .     (gloves unavailable)
rMut   .         Stasis   .     (boots unavailable)
MR     +....                    (no amulet)
Stlth  ++++......               E - +5 ring of protection
                                y - +4 ring of intelligence

@: quick, somewhat resistant to hostile enchantments, stealthy
A: no armour, no weapons or thrown items, claws 1, fangs 3, see invisible,
carnivore 3, speed 1, shaggy fur 2, slow metabolism 1, sharp paws
a: Channel Energy, Renounce Religion


You were on level 7 of the Dungeon.
You worshipped Sif Muna.
Sif Muna was aware of your devotion.
You were completely stuffed.

You visited 2 branches of the dungeon, and saw 8 of its levels.

You collected 341 gold pieces.

Inventory:

Missiles
 a - 149 arrows
 h - 12 arrows of dispersal
 q - 20 arrows of frost
Jewellery
 y - a +4 ring of intelligence (left paw)
 E - a +5 ring of protection (right paw)
Magical devices
 x - a wand of digging (12)
 A - a wand of digging (8)
 G - a wand of digging (14)
Scrolls
 g - 2 scrolls of teleportation
 j - 2 scrolls of recharging
 l - a scroll of noise {unknown}
 m - 7 scrolls of remove curse
 n - a scroll of identify
 r - 2 scrolls of amnesia {unknown}
 u - 3 scrolls of enchant weapon {unknown}
 w - a scroll of magic mapping {unknown}
 B - a scroll of silence {unknown}
 D - a scroll of enchant armour {unknown}
Potions
 d - 5 potions of heal wounds
 e - 2 potions of curing {unknown}
 i - a potion of lignification
 k - a potion of agility
 s - a potion of brilliance {unknown}
 t - a potion of ambrosia
 v - 2 potions of berserk rage
 z - a potion of might {unknown}
Books
 b - a book of Changes

   Spells                             Type                      Level
   a - Beastly Appendage              Transmutation                1
   b - Sticks to Snakes               Transmutation                2
   c - Spider Form                    Transmutation/Poison         3
   d - Ice Form                       Ice/Transmutation            4
   e - Blade Hands                    Transmutation                5
 o - a book of Minor Magic

   Spells                             Type                      Level
   a - Magic Dart                     Conjuration                  1
   b - Blink                          Translocation                2
   c - Call Imp                       Summoning                    2
   d - Repel Missiles                 Charms/Air                   2
   e - Slow                           Hexes                        2
   f - Conjure Flame                  Conjuration/Fire             3
   g - Mephitic Cloud                 Conjuration/Poison/Air       3
Comestibles
 c - 4 meat rations
 f - 4 beef jerkies
 p - a royal jelly
 F - 5 chunks of flesh


   Skills:
 - Level 3.1 Fighting
 * Level 6.1 Dodging
 - Level 6.2 Stealth
 - Level 6.2 Unarmed Combat
 - Level 2.0 Spellcasting
 + Level 5.0 Transmutations
 * Level 5.2 Ice Magic


You had 4 spell levels left.
You knew the following spells:

 Your Spells              Type           Power        Failure   Level  Hunger
a - Beastly Appendage     Trmt           ###...       1%          1    #......
b - Sticks to Snakes      Trmt           ###.......   2%          2    ##.....
c - Ice Form              Ice/Trmt       ###.....     21%         4    #####..


Dungeon Overview and Level Annotations

Branches:
Dungeon (7/15)             Temple (1/1) D:5

Altars:
Ashenzari
Cheibriados
Elyvilon
Fedhas
Gozag
Kikubaaqudgha
Makhleb
Okawaru
Qazlal
Ru
Sif Muna
Trog
Vehumet
Xom
Yredelemnul
The Shining One

Annotations:
D:3 Grinder
D:6 exclusion: centaur


Innate Abilities, Weirdness & Mutations

You cannot wear armour.
You are incapable of wielding weapons or throwing items.
You have sharp claws.
You have razor-sharp teeth.
You have supernaturally acute eyesight.
You are carnivorous and can eat meat at any time.
You cover ground quickly.
You are covered in thick fur (AC +2).
You have a slow metabolism.
Your sharp claws are effective at attacking unaware monsters.


Message History

A wight comes into view. It is wielding a battleaxe of freezing.
You see here a spear.
Use which ability? (? or * to list)
Okay, then.
You see here a spear.
A wight comes into view. It is wielding an enchanted flail.
Casting: Beastly Appendage
Confirm with . or Enter, or press ? or * to list all spells.
Your horns disappear.
You turn into a creature of crystalline ice.
The wight zaps a wand.
The bolt of fire misses you.
It is a wand of fire.
The wight zaps a wand.
The bolt of fire hits you! The fire burns you terribly!
Ouch! That really hurt!
Casting: Ice Form
Confirm with . or Enter, or press ? or * to list all spells.
Okay, then.
Use which ability? (? or * to list)
You warm up again.
The wight zaps a wand.
The bolt of fire hits you!
You die...

#.# #.## #. #.# #.# #.
#.# #.# .. ### ####.#
## ... ..#.# ..#
#.#.####### #.#
#.#)#..$... #
#####.###).)..##### #.
$.....#..@......... .
g. #.........#.###
.gg#.## #..z..........
.......##.......###.###
#......###..# ##
###...## #.#.#
......#......###
#####...###..# ##.## .#


You could see a wight.

Vanquished Creatures
  Prince Ribbit (D:5)
  Menkaure (D:5)
  The ghost of cireshan the Conjurer, an average DECj (D:3)
  A phantom (D:4)
  3 centaurs
  2 giant frogs
  A big kobold (D:7)
  A wight (D:7)
  A centaur zombie (D:5)
  A crimson imp (D:6)
  2 jellies
  4 orc priests
  A hound (D:6)
  An iguana (D:7)
  5 orc wizards
  4 worker ants
  A hound skeleton (D:4)
  4 gnolls (D:7)
  7 adders
  3 oozes
  An adder skeleton (D:6)
  An adder zombie (D:6)
  5 worms
  8 giant geckos
  27 orcs
  3 giant cockroaches
  5 hobgoblins
  13 jackals
  A ball python (D:7)
  9 bats
  2 giant gecko skeletons
  6 giant newts
  16 goblins
  12 kobolds
  3 quokkas
  5 rats
162 creatures vanquished.

Vanquished Creatures (collateral kills)
  2 orc priests
  A jackal (D:5)
3 creatures vanquished.

Grand Total: 165 creatures vanquished

Notes
Turn   | Place    | Note
--------------------------------------------------------------
     0 | D:1      | Goblin1989 the Felid Transmuter began the quest for the Orb.
     0 | D:1      | Reached XP level 1. HP: 9/9 MP: 4/4
   316 | D:1      | Reached XP level 2. HP: 9/12 MP: 4/6
   320 | D:1      | Learned a level 2 spell: Sticks to Snakes
  1320 | D:1      | Reached skill level 1 in Stealth
  1546 | D:1      | Reached XP level 3. HP: 11/15 MP: 5/7
  1789 | D:2      | Reached skill level 4 in Unarmed Combat
  2682 | D:2      | Found a radiant altar of Vehumet.
  2693 | D:2      | Reached XP level 4. HP: 19/19 MP: 6/8
  2702 | D:2      | Learned a level 4 spell: Ice Form
  3064 | D:2      | Found an opulent altar of Gozag.
  3064 | D:2      | Found a sacrificial altar of Ru.
  3506 | D:3      | Noticed Grinder
  3947 | D:3      | Reached XP level 5. HP: 6/22 MP: 4/9
  4249 | D:3      | Reached skill level 5 in Unarmed Combat
  4648 | D:3      | Noticed cireshan's ghost (average DECj)
  4889 | D:4      | Reached skill level 5 in Stealth
  5172 | D:4      | Gained mutation: You are covered in thick fur (AC +2). [Felid growth]
  5172 | D:4      | Reached XP level 6. HP: 19/25 MP: 10/10
  5453 | D:4      | Noticed a phantom
  5550 | D:3      | Slain by an adder
  5551 | D:3      | Reached XP level 5. HP: 0/22 MP: 9/9
  5810 | D:4      | Killed a phantom
  5810 | D:4      | Reached skill level 6 in Unarmed Combat
  5810 | D:4      | Reached XP level 6. HP: 18/25 MP: 10/10
  5818 | D:4      | Noticed a phantom
  6029 | D:5      | Entered Level 5 of the Dungeon
  6111 | D:5      | Noticed Prince Ribbit
  6132 | D:5      | Killed Prince Ribbit
  6132 | D:5      | Reached skill level 1 in Ice Magic
  6332 | D:5      | Found a staircase to the Ecumenical Temple.
  6333 | D:5      | Reached XP level 7. HP: 28/28 MP: 9/11
  6342 | Temple   | Entered the Ecumenical Temple
  6426 | Temple   | Became a worshipper of Sif Muna the Loreminder
  7022 | D:3      | Killed cireshan's ghost
  7472 | D:5      | Noticed Menkaure
  7483 | D:5      | Killed Menkaure
  7850 | D:6      | Found a blossoming altar of Fedhas.
  8335 | D:5      | Reached XP level 8. HP: 34/34 MP: 9/12
  8657 | D:5      | Shot with an arrow by a centaur
  8658 | D:5      | Reached XP level 7. HP: -2/30 MP: 11/11
  9501 | D:7      | Reached skill level 5 in Dodging
  9504 | D:7      | Acquired Sif Muna's first power
  9556 | D:7      | HP: 1/31 [orc priest/divine providence (11)]
  9823 | D:7      | Reached skill level 5 in Transmutations
  9982 | D:7      | Reached XP level 8. HP: 34/34 MP: 10/12
 10047 | D:7      | Reached skill level 5 in Ice Magic
 10178 | D:7      | Killed from afar by a wight

Vault maps used:
D:1:      matt_arrival_los_fun, serial_bayou_pond_e
D:2:      old_standard_altar, gammafunk_temple_overflow_wave
D:3:      first_bread, st_stairs_6, kennysheep_generic_room_13, uniq_grinder
D:5:      minmay_temple_entry_statues_pillars, uniq_prince_ribbit1, uniq_pikel,
          uniq_menkaure
D:6:      fedhas_bush_and_centaur_altar
D:7:      nicolae_dithmenos_the_darkroom, tgw_kikubaaqudgha
Temple:   circular_temple_12

Action                   |  1- 3 |  4- 6 |  7- 9 || total
-------------------------+-------+-------+-------++-------
Melee: Unarmed           |   113 |   238 |   177 ||   528
 Cast: Beastly Appendage |    31 |    45 |    36 ||   112
       Sticks to Snakes  |       |     8 |     6 ||    14
       Ice Form          |       |       |     3 ||     3
 Abil: End Transformatio |       |       |     1 ||     1
  Use: Scroll            |     6 |     3 |     2 ||    11
       Potion            |       |     1 |     1 ||     2
 Stab: Sleeping          |    11 |    10 |     6 ||    27
       Distracted        |       |     1 |       ||     1
  Eat: Chunk             |    11 |    14 |    15 ||    40
